[Event "fics rated crazyhouse match"]
[Site "fics, Oklahoma City, OK USA"]
[Date "2000.11.19"]
[White "BEO"]
[WhiteElo "2235"]
[Black "ronenl"]
[BlackElo "2289"]
[TimeControl "120+0"]
[Result "0-1"]

1. e4 e6 2. d4 d5 3. e5 c5 4. Nf3 Bd7 5. Nc3 Nc6 6. dxc5 
Bxc5 7. P@d4 Be7 8. Be2 P@e4 9. Ng1 Rc8 10. Nh3 Qb6 11. Nb5 a6 
12. Nd6+ Bxd6 13. exd6 N@h4 14. O-O Nxg2 15. B@c5 Qd8 16. Kxg2 P@f3+ 17. Kg1 
fxe2 18. Qxe2 B@f3 19. Qe3 Qh4 20. Nf4 Qxf4 21. Qxf4 N@h3# 
{BEO checkmated} 0-1

[Event "fics rated crazyhouse match"]
[Site "fics, Oklahoma City, OK USA"]
[Date "2000.11.19"]
[White "ronenl"]
[WhiteElo "2296"]
[Black "BEO"]
[BlackElo "2228"]
[TimeControl "120+0"]
[Result "1-0"]

1. e4 e6 2. Nc3 d5 3. exd5 exd5 4. Nf3 Nf6 5. d4 Be7 6. Bg5 
Nc6 7. P@e5 Ne4 8. Bxe7 Nxe7 9. Nxe4 dxe4 10. Ng5 B@c6 11. N@h5 Nf5 
12. Nxg7+ Nxg7 13. B@f6 P@e7 14. Bxg7 Rg8 15. P@f6 N@f5 16. fxe7 Qxe7 17. N@f6+ 
Kd8 18. Nxg8 
{BEO resigns} 1-0

[Event "fics rated crazyhouse match"]
[Site "fics, Oklahoma City, OK USA"]
[Date "2000.11.19"]
[White "BEO"]
[WhiteElo "2222"]
[Black "ronenl"]
[BlackElo "2302"]
[TimeControl "120+0"]
[Result "1-0"]

1. e4 e6 2. d4 d5 3. exd5 exd5 4. Nf3 Nc6 5. Nc3 Bb4 6. Be2 
Qe7 7. O-O Bxc3 8. bxc3 N@e4 9. B@e1 Ngf6 10. P@d3 Nd6 11. Bg5 Rg8 
12. Rb1 P@e4 13. Ne5 exd3 14. cxd3 Nxe5 15. dxe5 Qxe5 16. N@f3 Qe7 17. P@e5 
P@e4 18. exd6 cxd6 19. Nd4 exd3 20. Bxd3 P@e4 21. Be2 P@d3 22. Bh5 P@e2 
23. Nxe2 dxe2 24. Bxe2 N@e6 25. Be3 Nd7 26. N@f5 Qf6 27. Nxd6+ Kf8 28. Nxc8 
Rxc8 29. B@a3+ Ke8 30. Rxb7 N@f5 31. Rxd7 Kxd7 32. Qxd5+ R@d6 33. Bxd6 Nxe3 
34. fxe3 
{ronenl resigns} 1-0

[Event "fics rated crazyhouse match"]
[Site "fics, Oklahoma City, OK USA"]
[Date "2000.11.19"]
[White "ronenl"]
[WhiteElo "2292"]
[Black "BEO"]
[BlackElo "2232"]
[TimeControl "120+0"]
[Result "1-0"]

1. e4 e6 2. Nc3 d5 3. exd5 exd5 4. Bb5+ c6 5. Qe2+ Be7 6. Bd3 
Nf6 7. f3 Nbd7 8. P@d6 P@e4 9. dxe7 Qxe7 10. fxe4 dxe4 11. Bxe4 P@d5 
12. Bf3 Ne5 13. B@g3 Nxf3+ 14. Nxf3 P@e4 15. P@d6 Qd8 16. P@e7 Qb6 17. N@c7+ 
Kd7 18. Nxa8 
{BEO resigns} 1-0

[Event "fics rated crazyhouse match"]
[Site "fics, Oklahoma City, OK USA"]
[Date "2000.11.19"]
[White "BEO"]
[WhiteElo "2225"]
[Black "ronenl"]
[BlackElo "2299"]
[TimeControl "120+0"]
[Result "0-1"]

1. e4 e6 2. d4 Nf6 3. Bd3 d5 4. e5 Ne4 5. Nf3 Nc6 6. O-O 
Be7 7. Nbd2 f5 8. c3 O-O 9. Re1 Bd7 10. Nxe4 dxe4 11. Rxe4 fxe4 
12. Bxe4 R@g4 13. Bd3 Bh4 14. P@g3 Be7 15. P@h6 gxh6 16. Bxh6 P@g7 17. Bxg7 
Rxg7 18. P@f6 Bxf6 19. exf6 Qxf6 20. N@h5 N@h3+ 21. gxh3 Qxf3 22. N@h6+ Kh8 
23. B@e4 Qxh5 24. Qxh5 N@f6 25. Qe2 B@h5 26. P@g4 Nxe4 27. Bxe4 B@f3 28. Bxf3 
Rxf3 29. Qxf3 N@g5 30. Nf7+ Rxf7 31. gxh5 Nxf3+ 32. Kg2 N@h4+ 33. gxh4 Nxh4+ 
34. Kg3 Q@g2+ 35. Kxh4 P@g5# 
{BEO checkmated} 0-1

[Event "fics rated crazyhouse match"]
[Site "fics, Oklahoma City, OK USA"]
[Date "2000.11.19"]
[White "ronenl"]
[WhiteElo "2305"]
[Black "BEO"]
[BlackElo "2219"]
[TimeControl "120+0"]
[Result "0-1"]

1. e4 e6 2. Nc3 d5 3. exd5 exd5 4. Bb5+ c6 5. Qe2+ Be7 6. Bd3 
Nf6 7. f3 O-O 8. Nd1 Nbd7 9. Nf2 Re8 10. Bf5 Bc5 11. P@e6 fxe6 
12. Bxe6+ P@f7 13. Nd3 Rxe6 14. Nxc5 Rxe2+ 15. Nxe2 Nxc5 16. B@d4 P@d3 17. Bxf6 
Qxf6 18. N@h5 Qg5 19. R@e8+ B@f8 20. P@e7 Qxe7 21. Rxe7 Bxe7 22. Q@e8+ B@f8 
23. Nef4 dxc2 24. O-O Q@d4+ 25. Kh1 R@g1+ 26. Rxg1 N@f2# 
{ronenl checkmated} 0-1

[Event "fics rated crazyhouse match"]
[Site "fics, Oklahoma City, OK USA"]
[Date "2000.11.19"]
[White "BEO"]
[WhiteElo "2229"]
[Black "ronenl"]
[BlackElo "2295"]
[TimeControl "120+0"]
[Result "1-0"]

1. e4 e6 2. d4 Nf6 3. Bd3 d5 4. e5 Ne4 5. Nf3 Nc6 6. Nbd2 
f5 7. exf6 Nxf6 8. Bb5 Bd7 9. Nf1 Be7 10. Ng3 O-O 11. P@h6 gxh6 
12. Bxh6 Ng4 13. Bxf8 Qxf8 14. Bxc6 bxc6 15. N@e5 Nxe5 16. Nxe5 P@e3 17. P@f7+ 
Kg7 18. fxe3 B@a5+ 19. P@c3 P@g6 20. R@g8+ Qxg8 21. fxg8=Q+ Rxg8 22. Q@f7+ Kh8 
23. Qxe7 P@f2+ 24. Kxf2 R@f8+ 25. N@f7+ Kg7 
{ronenl resigns} 1-0

[Event "fics rated crazyhouse match"]
[Site "fics, Oklahoma City, OK USA"]
[Date "2000.11.19"]
[White "ronenl"]
[WhiteElo "2286"]
[Black "BEO"]
[BlackElo "2238"]
[TimeControl "120+0"]
[Result "0-1"]

1. e4 e6 2. Nc3 d5 3. exd5 exd5 4. Bb5+ c6 5. Qe2+ Be7 6. Bd3 
Nf6 7. f3 O-O 8. P@e5 Re8 9. exf6 Bxf6 10. Nd1 P@e4 11. fxe4 dxe4 
12. Bxe4 P@f5 13. P@e5 Rxe5 14. d3 fxe4 15. dxe4 P@f5 16. P@d3 B@b6 17. Nf3 
Re8 18. e5 P@g4 19. P@e3 gxf3 20. gxf3 Bxe5 21. P@f4 Bxf4 
{ronenl resigns} 0-1

[Event "fics rated crazyhouse match"]
[Site "fics, Oklahoma City, OK USA"]
[Date "2000.11.19"]
[White "Blackcomb"]
[WhiteElo "2174"]
[Black "StrikeMe"]
[BlackElo "2357"]
[TimeControl "180+0"]
[Result "1-0"]

1. e4 e5 2. Nf3 d6 3. Bc4 Bg4 4. Bxf7+ Kxf7 5. Nxe5+ dxe5 6. Qxg4 
Nf6 7. B@e6+ Ke7 8. Qf5 N@d4 9. Qxe5 Nxe6 10. P@d5 Qd6 11. Qxe6+ Qxe6 
12. dxe6 Kxe6 13. N@g5+ Kd7 14. Q@e6+ Kd8 15. Nf7# 
{StrikeMe checkmated} 1-0

[Event "fics rated crazyhouse match"]
[Site "fics, Oklahoma City, OK USA"]
[Date "2000.11.20"]
[White "liveZ"]
[WhiteElo "2328"]
[Black "fermy"]
[BlackElo "2212"]
[TimeControl "180+0"]
[Result "0-1"]

1. e4 e5 2. Nf3 Nc6 3. Bb5 Bc5 4. c3 Nf6 5. d4 exd4 6. cxd4 
Bb4+ 7. P@c3 Be7 8. e5 Ne4 9. Qe2 d5 10. exd6 Nxd6 11. Bg5 P@e4 
12. Bxe7 Qxe7 13. Ne5 Bd7 14. Nxd7 Qxd7 15. Bxc6 bxc6 16. N@e5 P@f3 17. B@g4 
fxe2 18. Bxd7+ Kf8 19. B@b3 Q@c1+ 20. Q@d1 exd1=Q+ 21. Bxd1 N@c2+ 22. Ke2 Q@e3+ 
23. fxe3 Qxe3+ 24. Kf1 Qe1# 
{liveZ checkmated} 0-1

[Event "fics rated crazyhouse match"]
[Site "fics, Oklahoma City, OK USA"]
[Date "2000.11.20"]
[White "fermy"]
[WhiteElo "2223"]
[Black "liveZ"]
[BlackElo "2317"]
[TimeControl "180+0"]
[Result "0-1"]

1. e4 e6 2. d4 Nc6 3. Nc3 Bb4 4. a3 Ba5 5. Be3 Nf6 6. Bd3 
d5 7. e5 Ne4 8. Ne2 Bxc3+ 9. bxc3 N@h4 10. Rg1 Nf5 11. Bxe4 dxe4 
12. Nf4 B@b2 13. Nh5 Bxc3+ 14. B@d2 Nxe3 15. Nxg7+ Kf8 16. fxe3 Qh4+ 17. g3 
Qxh2 18. Bxc3 P@f2+ 19. Kd2 fxg1=Q+ 20. B@e2 Qxd1+ 21. Rxd1 Qxe2+ 22. Kxe2 R@g2+ 
23. P@f2 Rxf2+ 24. Kxf2 Q@f3+ 25. Ke1 B@f2+ 26. Kd2 Bxe3# 
{fermy resigns} 0-1

[Event "fics rated crazyhouse match"]
[Site "fics, Oklahoma City, OK USA"]
[Date "2000.11.20"]
[White "liveZ"]
[WhiteElo "2323"]
[Black "fermy"]
[BlackElo "2217"]
[TimeControl "180+0"]
[Result "0-1"]

1. e4 e5 2. Nf3 Nc6 3. Bb5 Bc5 4. c3 Nf6 5. d4 exd4 6. cxd4 
Bb4+ 7. P@c3 Be7 8. e5 Ne4 9. Qe2 d5 10. exd6 Nxd6 11. Ne5 Nxb5 
12. Qxb5 O-O 13. Nxc6 bxc6 14. Qe2 Bf5 15. P@e4 P@d3 16. Qxd3 N@c5 17. Qe2 
Bxe4 18. P@h6 Nd3+ 19. Kd2 Nxc1 20. Rxc1 Bg5+ 21. N@e3 Bxh6 22. N@g4 B@f4 
23. Nxh6+ Bxh6 24. N@g4 B@f4 25. B@g3 P@d3 26. Bxf4 Bxf4 27. Qf1 N@c4+ 28. Ke1 
Bxe3 29. fxe3 Qh4+ 30. Nf2 N@c2+ 31. Rxc2 dxc2 32. B@g3 R@c1+ 33. B@d1 cxd1=Q+ 
34. Nxd1 Rxd1+ 35. Kxd1 P@c2+ 36. Ke2 B@d3+ 37. Kf2 Bxf1 38. R@e1 Bfxg2 39. P@f3 
Bgxf3 40. N@f4 N@g4+ 41. Kg1 Q@h1# 
{liveZ checkmated} 0-1

[Event "fics rated crazyhouse match"]
[Site "fics, Oklahoma City, OK USA"]
[Date "2000.11.20"]
[White "fermy"]
[WhiteElo "2228"]
[Black "liveZ"]
[BlackElo "2313"]
[TimeControl "180+0"]
[Result "0-1"]

1. e4 e6 2. d4 Nc6 3. Be2 Nf6 4. e5 Ne4 5. Nh3 d6 6. exd6 
Bxd6 7. O-O e5 8. dxe5 Nxe5 9. Nf4 P@g4 10. P@e6 Bxe6 11. Nxe6 fxe6 
12. Bxg4 P@f5 13. Bh5+ P@g6 14. Be2 N@h4 15. B@h1 Ng4 16. Bxg4 fxg4 17. Qxg4 
B@f5 18. Qe2 O-O 19. P@g3 Nxg2 20. Bxg2 P@h3 21. Bxe4 Bxe4 22. Qxe4 B@f5 
23. Qe2 Bc5 24. P@h6 gxh6 25. Bxh6 P@d3 26. Qe5 Bxf2+ 27. Rxf2 P@f6 28. Qc5 
dxc2 29. N@e7+ Qxe7 30. Qxe7 c1=Q+ 31. B@f1 Qxh6 32. P@g7 Qxg7 33. Qxg7+ Kxg7 
34. P@h6+ Kxh6 35. P@g5+ fxg5 36. B@e5 P@f6 37. Bxf6 Rxf6 38. N@e5 N@f3+ 39. Rxf3 
B@c5+ 40. P@e3 Bxe3+ 41. Rxe3 P@f2# 
{fermy forfeits on time} 0-1

[Event "fics rated crazyhouse match"]
[Site "fics, Oklahoma City, OK USA"]
[Date "2000.11.20"]
[White "liveZ"]
[WhiteElo "2319"]
[Black "fermy"]
[BlackElo "2222"]
[TimeControl "180+0"]
[Result "1-0"]

1. e4 e5 2. Nf3 Nc6 3. c3 Nf6 4. d4 exd4 5. e5 P@e3 6. exf6 
exf2+ 7. Kxf2 P@e3+ 8. Ke1 Qxf6 9. cxd4 Nxd4 10. Bxe3 P@c2 11. Bxd4 cxd1=Q+ 
12. Kxd1 Qxf3+ 13. gxf3 P@c2+ 14. Kxc2 N@b4+ 15. Kd2 Q@c2+ 16. Ke1 Qc1+ 17. Kf2 
Nd3+ 18. Kg1 Bc5 19. Q@e2+ Kf8 20. P@e7+ Bxe7 21. Qxd3 P@c2 22. Bxg7+ Kxg7 
23. N@f5+ Kf6 24. N@g4+ Kg5 25. h4+ Kh5 26. N@g7+ Kg6 27. P@h5# 
{fermy checkmated} 1-0

[Event "fics rated crazyhouse match"]
[Site "fics, Oklahoma City, OK USA"]
[Date "2000.11.20"]
[White "fermy"]
[WhiteElo "2216"]
[Black "liveZ"]
[BlackElo "2325"]
[TimeControl "180+0"]
[Result "0-1"]

1. e4 e6 2. d4 Nf6 3. e5 Ne4 4. Nh3 Nc6 5. Be3 d6 6. Bd3 
Nxf2 7. Nxf2 dxe5 8. dxe5 Nxe5 9. O-O Bd6 10. Nc3 P@f3 11. gxf3 Nxd3 
12. cxd3 Bxh2+ 13. Kxh2 Qh4+ 14. Kg2 P@h3+ 15. Nxh3 B@d6 16. P@f4 e5 17. P@g4 
exf4 18. Bxf4 Bxf4 19. Nxf4 B@d6 20. Qe2+ P@e7 21. P@e5 Bxe5 22. Qxe5 Bxg4 
23. fxg4 Qxg4+ 24. B@g3 P@d6 25. P@e6 dxe5 26. exf7+ Kd8 27. N@e6+ Kc8 28. f8=Q+ 
Rxf8 29. Nxf8 Qxg3+ 30. Kxg3 P@h4+ 31. Kxh4 g5+ 32. Kxg5 B@f6+ 33. Kf5 Q@g5+ 
34. Ke6 P@d7+ 35. Nxd7 Qg4+ 36. P@f5 P@f7+ 37. Kxf7 Qg7+ 38. Ke8 Qg8+ 39. B@f8 
Qxf8+ 40. Nxf8 B@c6+ 41. P@d7+ Bxd7+ 42. Nxd7 e6 43. R@d8+ Bxd8 44. P@e7 R@h8+ 
45. B@f8 Rxf8+ 46. Nxf8 B@g6# 
{fermy forfeits on time} 0-1

[Event "fics rated crazyhouse match"]
[Site "fics, Oklahoma City, OK USA"]
[Date "2000.11.20"]
[White "liveZ"]
[WhiteElo "2331"]
[Black "fermy"]
[BlackElo "2210"]
[TimeControl "180+0"]
[Result "0-1"]

1. e4 e5 2. Nf3 Nc6 3. d4 exd4 4. Bc4 Bc5 5. c3 Nf6 6. cxd4 
Bb4+ 7. P@c3 Nxe4 8. cxb4 Nxb4 9. Bxf7+ Kxf7 10. Qb3+ B@d5 11. Qxb4 Re8 
12. N@e5+ Kg8 13. P@c4 Rxe5 14. cxd5 N@c2+ 15. Kf1 Nxb4 16. B@f7+ Kh8 17. dxe5 
P@e2+ 18. Kxe2 Q@d3+ 19. Ke1 Nc2# 
{liveZ checkmated} 0-1

[Event "fics rated crazyhouse match"]
[Site "fics, Oklahoma City, OK USA"]
[Date "2000.11.20"]
[White "fermy"]
[WhiteElo "2229"]
[Black "liveZ"]
[BlackElo "2312"]
[TimeControl "180+0"]
[Result "0-1"]

1. e4 e6 2. d4 d5 3. exd5 exd5 4. Nc3 Nf6 5. Nf3 Bb4 6. Bb5+ 
Bd7 7. Qe2+ P@e4 8. Ne5 O-O 9. Bxd7 Nbxd7 10. P@h6 Nxe5 11. dxe5 B@f3 
12. gxf3 exf3 13. Qxf3 P@e4 14. hxg7 exf3 15. N@h6+ Kxg7 16. exf6+ Kxf6 17. Ng4+ 
Ke7 18. Bg5+ Kd7 19. O-O-O Bxc3 20. Rxd5+ P@d6 21. B@b5+ Kc8 22. P@d7+ Kb8 
23. bxc3 Qxg5+ 24. Rxg5 B@a3+ 25. P@b2 Bxb2+ 26. Kxb2 N@c4+ 27. Bxc4 N@a4+ 28. Kc1 
Q@b2+ 29. Kd1 Nxc3+ 30. Kd2 Ne4+ 31. Ke3 P@f4+ 32. Kxe4 Qxc2+ 33. B@d3 d5+ 
34. Kxf3 P@e4+ 35. Kxf4 P@e5+ 36. Kxe5 f6+ 37. Ke6 a6 38. Ke7 Ka7 
{fermy forfeits on time} 0-1

[Event "fics rated crazyhouse match"]
[Site "fics, Oklahoma City, OK USA"]
[Date "2000.11.20"]
[White "liveZ"]
[WhiteElo "2318"]
[Black "fermy"]
[BlackElo "2223"]
[TimeControl "180+0"]
[Result "1-0"]

1. e4 e5 2. Nf3 Nc6 3. Bc4 Bc5 4. O-O Nf6 5. Nc3 d6 6. d3 
Nd4 7. Bxf7+ Kxf7 8. Nxd4 Bxd4 9. N@g5+ Ke7 10. Be3 Bxc3 11. bxc3 B@h5 
12. B@f3 Bxf3 13. Qxf3 B@h5 14. Qxf6+ gxf6 15. N@d5+ Ke8 16. P@e7 Qxe7 17. Nxe7 
Kxe7 18. B@f3 P@g4 19. Q@g7+ N@f7 20. Nxf7 Be6 21. Nxe5+ N@f7 22. Bxg4 dxe5 
23. Bxe6 Rag8 24. Bc5+ N@d6 25. N@d5+ Kxe6 26. B@f5+ Nxf5 27. exf5+ Kxd5 28. c4+ 
Kxc5 29. N@e6+ Kd6 30. c5+ Kd7 31. c6+ bxc6 32. Nc5+ Kd6 33. Qxg8 Rxg8 
34. R@d7+ Kxc5 35. P@b4+ Kxb4 36. Rab1+ Kc3 37. Rb3+ Kd2 38. Kh1 P@f3 39. Rg1 
fxg2+ 40. Rxg2 Q@f1+ 41. Rg1 Qg2+ 42. Rxg2 Q@f1+ 43. Q@g1 Qxg1+ 44. Kxg1 Rxg2+ 
45. Kxg2 Q@f3+ 46. Kf1 
{fermy forfeits on time} 1-0

[Event "fics rated crazyhouse match"]
[Site "fics, Oklahoma City, OK USA"]
[Date "2000.11.20"]
[White "fermy"]
[WhiteElo "2217"]
[Black "liveZ"]
[BlackElo "2324"]
[TimeControl "180+0"]
[Result "1-0"]

1. e4 e6 2. d4 d5 3. exd5 exd5 4. Nc3 Bb4 5. Nf3 Bxc3+ 6. bxc3 
N@e4 7. Bd2 Bg4 8. Bb5+ P@c6 9. Be2 Nxd2 10. Qxd2 B@e4 11. N@e5 Bgxf3 
12. Bxf3 Bxf3 13. Nxf3 B@e4 14. B@h5 Nf6 15. Bxf7+ Kxf7 16. Ne5+ Ke7 17. P@g5 
Nfd7 18. P@f6+ gxf6 19. gxf6+ Nxf6 20. B@g7 Nbd7 21. Bxh8 Qxh8 22. R@f7+ Kd8 
23. Nxd7 Nxd7 24. P@e7+ Ke8 25. B@e6 B@g6 26. N@g7+ Qxg7 27. Rxg7 P@f7 28. Bxd7+ 
Kxe7 29. Q@e5+ P@e6 30. Bxe6 P@d6 31. Qdg5+ Kf8 32. P@e7+ Ke8 33. Rg8+ B@f8 
34. N@g7# 
{liveZ checkmated} 1-0

[Event "fics rated crazyhouse match"]
[Site "fics, Oklahoma City, OK USA"]
[Date "2000.11.20"]
[White "liveZ"]
[WhiteElo "2314"]
[Black "fermy"]
[BlackElo "2227"]
[TimeControl "180+0"]
[Result "1-0"]

1. e4 e5 2. Nf3 Nc6 3. Bc4 Bc5 4. O-O Nf6 5. d3 d6 6. Bg5 
Be6 7. Nc3 Nd4 8. Nxd4 Bxd4 9. N@d5 Rg8 10. Qf3 Bxc3 11. bxc3 Bxd5 
12. exd5 N@f4 13. B@f5 N@d2 14. Qe3 Nxc4 15. dxc4 B@h6 16. B@a4+ Kf8 17. Bxf4 
Bxf4 18. Qxf4 N@e2+ 19. Kh1 Nxf4 20. N@g5 B@h4 21. N@h3 Nxh3 22. Nxh3 N@b6 
23. Bb5 a6 24. Bxa6 Rxa6 25. P@g5 B@e4 26. Bxe4 Nxe4 27. N@f5 Bxg5 28. B@d3 
P@g4 29. Bxe4 gxh3 30. gxh3 N@d2 31. B@g2 Nxf1 32. Rxf1 B@e2 33. Rg1 Rxa2 
34. P@e6 P@f3 35. Bgxf3 Bxf3+ 36. Bxf3 Rxc2 37. exf7 Rh8 38. P@h6 Kxf7 39. B@e6+ 
Kf6 40. N@h5+ Kg6 41. hxg7 Rxf2 42. gxh8=N+ Qxh8 43. N@f4# 
{fermy forfeits on time} 1-0

[Event "fics rated crazyhouse match"]
[Site "fics, Oklahoma City, OK USA"]
[Date "2000.11.20"]
[White "LINDEGREN"]
[WhiteElo "2306"]
[Black "liveZ"]
[BlackElo "2325"]
[TimeControl "120+0"]
[Result "1-0"]

1. e4 e6 2. Nc3 Nc6 3. d4 Bb4 4. a3 Bxc3+ 5. bxc3 Nf6 6. Bd3 
d5 7. exd5 Nxd5 8. P@b2 e5 9. dxe5 Nxe5 10. Nf3 Bg4 11. Qe2 Qe7 
12. P@d7+ Nxd7 13. Qxe7+ Nxe7 14. B@e2 P@h3 15. Rg1 hxg2 16. Rxg2 P@f5 17. P@h6 
P@h3 18. Rg1 N@g2+ 19. Kd1 Rg8 20. hxg7 P@e4 21. P@e6 fxe6 22. Ng5 exd3 
23. Q@f7+ Kd8 24. Nxe6+ Kc8 25. Qxg8# 
{liveZ resigns} 1-0

[Event "fics rated crazyhouse match"]
[Site "fics, Oklahoma City, OK USA"]
[Date "2000.11.20"]
[White "liveZ"]
[WhiteElo "2317"]
[Black "LINDEGREN"]
[BlackElo "2314"]
[TimeControl "120+0"]
[Result "1-0"]

1. e4 Nf6 2. Nc3 Nc6 3. Nf3 d5 4. exd5 Nxd5 5. Nxd5 Qxd5 6. N@c3 
Qd8 7. Bb5 e6 8. Ne5 Bd7 9. Bxc6 Bxc6 10. Nxc6 bxc6 11. N@e5 B@d7 
12. d4 P@d6 13. Nxd7 Qxd7 14. B@f3 N@d8 15. Bg5 f6 16. Be3 N@d5 17. Nxd5 
cxd5 18. B@h5+ N@f7 19. N@h4 Nb7 20. P@g6 hxg6 21. Nxg6 Rg8 22. P@h7 O-O-O 
23. hxg8=Q P@e4 24. Be2 Kb8 25. Nxf8 Qa4 26. Qxf7 N@h4 27. Rg1 Nxg2+ 28. Rxg2 
P@f3 29. Bhxf3 exf3 30. Bxf3 B@e4 31. Bxe4 dxe4 32. N@d7+ Ka8 33. B@b3 Qa5+ 
34. B@c3 Qa6 35. P@e7 Rc8 36. e8=Q Nd8 37. Qxd8 Rxd8 38. N@b4 
{LINDEGREN resigns} 1-0

[Event "fics rated crazyhouse match"]
[Site "fics, Oklahoma City, OK USA"]
[Date "2000.11.20"]
[White "LINDEGREN"]
[WhiteElo "2306"]
[Black "liveZ"]
[BlackElo "2325"]
[TimeControl "120+0"]
[Result "1-0"]

1. e4 e6 2. Nc3 Nc6 3. d4 Nf6 4. a3 d6 5. Nf3 Be7 6. Bd3 
e5 7. O-O exd4 8. Nd5 P@h3 9. gxh3 Bxh3 10. Nxe7 Nxe7 11. Ng5 Bxf1 
12. Bxf1 R@g4+ 13. P@g3 P@e3 14. fxe3 Rxg5 15. exd4 Rg4 16. P@f3 h5 17. P@g5 
h4 18. fxg4 hxg3 19. B@h6 gxh6 20. gxf6 gxh2+ 21. Kxh2 P@g3+ 22. Kxg3 Nf5+ 
23. exf5 Qxf6 24. Qe2+ P@e5 25. N@d5 B@h4+ 26. Kg2 P@h3+ 27. Kxh3 N@g1+ 28. Kg2 
Nxe2 29. Nxf6+ Bxf6 30. P@d7+ Kd8 31. R@e8+ Rxe8 32. dxe8=Q+ Kxe8 33. P@d7+ Ke7 
34. N@d5+ Kf8 35. R@g8+ Kxg8 36. Nxf6+ Kg7 37. Nh5+ Kf8 38. B@g7+ Ke7 39. Bf6+ 
Kxd7 40. B@b5+ c6 41. Q@e7+ Kc8 42. Qd8# 
{liveZ checkmated} 1-0

[Event "fics rated crazyhouse match"]
[Site "fics, Oklahoma City, OK USA"]
[Date "2000.11.20"]
[White "LINDEGREN"]
[WhiteElo "2306"]
[Black "jiggaman"]
[BlackElo "2244"]
[TimeControl "120+0"]
[Result "1-0"]

1. e4 e6 2. Nc3 Nc6 3. d4 Bb4 4. Nf3 Nf6 5. Bd3 d5 6. exd5 
exd5 7. Qe2+ P@e4 8. P@g5 Bg4 9. gxf6 Qxf6 10. Bxe4 dxe4 11. Qxe4+ P@e6 
12. N@d5 Bxc3+ 13. bxc3 Qd8 14. Qxg4 exd5 15. P@e6 Qe7 16. B@d7+ Kd8 17. Bxc6 
{jiggaman resigns} 1-0

[Event "fics rated crazyhouse match"]
[Site "fics, Oklahoma City, OK USA"]
[Date "2000.11.20"]
[White "jiggaman"]
[WhiteElo "2221"]
[Black "LINDEGREN"]
[BlackElo "2313"]
[TimeControl "120+0"]
[Result "1-0"]

1. e4 Nf6 2. Nc3 Nc6 3. d4 d5 4. e5 Ne4 5. Be3 e6 6. Nxe4 
dxe4 7. Nh3 Bb4+ 8. c3 Be7 9. Be2 N@h4 10. O-O Nxg2 11. Kxg2 P@f3+ 
12. Bxf3 exf3+ 13. Qxf3 Bd7 14. Kg1 B@f5 15. Nf4 Nxe5 16. dxe5 Bc6 17. Qg3 
Bg5 18. Nh5 Bxe3 19. Nxg7+ Kd7 20. fxe3 Rg8 21. N@c5+ Kc8 22. P@d7+ Bxd7 
23. B@g2 B@c6 24. P@a6 Bxg2 25. Qxg2 B@d5 26. axb7# 
{LINDEGREN resigns} 1-0

[Event "fics rated crazyhouse match"]
[Site "fics, Oklahoma City, OK USA"]
[Date "2000.11.21"]
[White "Gobi"]
[WhiteElo "2280"]
[Black "liveZ"]
[BlackElo "2324"]
[TimeControl "120+0"]
[Result "1-0"]

1. e4 e6 2. d4 Nc6 3. Nf3 Nf6 4. Bd3 d5 5. e5 Ne4 6. O-O 
Be7 7. Nbd2 Nxd2 8. Bxd2 N@e4 9. N@h5 Rg8 10. Ng3 f5 11. exf6 Nxf6 
12. Ne5 P@f7 13. P@g5 Nxe5 14. dxe5 Ne4 15. Bxe4 dxe4 16. Nxe4 B@c6 17. Re1 
Bxe4 18. Rxe4 Bxg5 19. P@d6 Bxd2 20. Qxd2 N@h3+ 21. Kh1 B@c6 22. Rg4 N@e4 
23. Rxe4 Bxe4 24. B@a4+ Bd7 25. dxc7 Bxg2+ 26. Kxg2 Qxc7 27. Qxd7+ Qxd7 28. Bxd7+ 
Kd8 29. P@e7+ Kxe7 30. Q@d6# 
{liveZ resigns} 1-0

[Event "fics rated crazyhouse match"]
[Site "fics, Oklahoma City, OK USA"]
[Date "2000.11.21"]
[White "liveZ"]
[WhiteElo "2315"]
[Black "Gobi"]
[BlackElo "2289"]
[TimeControl "120+0"]
[Result "1-0"]

1. e4 Nf6 2. e5 Nd5 3. Nf3 d6 4. exd6 exd6 5. d4 Be7 6. Bc4 
P@e6 7. O-O Nb6 8. Bd3 f5 9. c4 O-O 10. P@h6 Rf7 11. Nc3 Nc6 
12. d5 Ne5 13. Nxe5 dxe5 14. dxe6 Bxe6 15. P@d5 Nxd5 16. cxd5 Bxd5 17. Nxd5 
Qxd5 18. B@f3 P@e4 19. Bdxe4 Qxd1 20. Rxd1 fxe4 21. hxg7 exf3 22. Q@h8# 
{Gobi checkmated} 1-0

[Event "fics rated crazyhouse match"]
[Site "fics, Oklahoma City, OK USA"]
[Date "2000.11.21"]
[White "Gobi"]
[WhiteElo "2282"]
[Black "liveZ"]
[BlackElo "2322"]
[TimeControl "120+0"]
[Result "1-0"]

1. e4 e6 2. d4 Nc6 3. Bf4 Nge7 4. Nc3 Ng6 5. Bg3 d6 6. Nf3 
Be7 7. d5 exd5 8. exd5 Nce5 9. Nxe5 Nxe5 10. Bxe5 dxe5 11. Bb5+ c6 
12. dxc6 P@d2+ 13. Qxd2 Qxd2+ 14. Kxd2 O-O 15. N@d5 Bg5+ 16. P@e3 bxc6 17. N@e7+ 
Kh8 18. Nxc6 P@d4 19. P@e7 dxc3+ 20. Nxc3 Q@d6+ 21. Q@d5 Bxe7 22. Nxe7 Qxe7 
23. B@d6 Be6 24. Bxe7 Bxd5 25. P@f6 Rg8 26. P@h6 N@e8 27. fxg7+ Nxg7 28. P@f6 
Ne6 29. P@g7+ Nxg7 30. fxg7+ Rxg7 31. hxg7+ Kxg7 32. Q@f6+ Kg8 33. R@h8# 
{liveZ checkmated} 1-0

[Event "fics rated crazyhouse match"]
[Site "fics, Oklahoma City, OK USA"]
[Date "2000.11.21"]
[White "liveZ"]
[WhiteElo "2313"]
[Black "Gobi"]
[BlackElo "2291"]
[TimeControl "120+0"]
[Result "0-1"]

1. e4 e5 2. Nf3 Nc6 3. Bb5 Bc5 4. O-O Nge7 5. c3 a6 6. Ba4 
O-O 7. d4 exd4 8. cxd4 Nxd4 9. Nxd4 Bxd4 10. Qxd4 N@e2+ 11. Kh1 Nxd4 
12. B@e5 P@e2 13. Rg1 Q@f1 14. N@h3 Nf3 15. Nd2 Nxg1 16. Nxf1 Nxh3 17. Q@g1 
Nxg1 18. Bh6 P@f3 19. Kxg1 exf1=Q+ 20. Rxf1 N@h3+ 21. Kh1 R@g1+ 22. Rxg1 Nxf2# 
{liveZ checkmated} 0-1

[Event "fics rated crazyhouse match"]
[Site "fics, Oklahoma City, OK USA"]
[Date "2000.11.21"]
[White "Gobi"]
[WhiteElo "2300"]
[Black "liveZ"]
[BlackElo "2304"]
[TimeControl "120+0"]
[Result "0-1"]

1. e4 e6 2. d4 d5 3. e5 c5 4. Nf3 Nc6 5. Bb5 a6 6. Bxc6+ 
bxc6 7. Be3 c4 8. O-O Rb8 9. Bc1 B@h5 10. Nbd2 Ne7 11. N@d6+ Kd7 
12. N2xc4 dxc4 13. Nxc4 Nd5 14. P@d6 Ke8 15. P@c7 Nxc7 16. dxc7 Qxc7 17. N@d6+ 
Kd8 18. Bg5+ P@e7 19. Nxc8 Kxc8 20. B@a5 P@b6 21. Nxb6+ Rxb6 22. P@c5 Rb7 
23. Bxc7 Rxc7 24. c4 N@e4 25. Be3 B@g4 26. Q@a8+ N@b8 27. Qa4 N@d7 28. Q4xa6+ 
Kd8 
{Gobi forfeits on time} 0-1

[Event "fics rated crazyhouse match"]
[Site "fics, Oklahoma City, OK USA"]
[Date "2000.11.21"]
[White "liveZ"]
[WhiteElo "2312"]
[Black "Gobi"]
[BlackElo "2292"]
[TimeControl "120+0"]
[Result "0-1"]

1. e4 Nf6 2. Nc3 e5 3. Nf3 Nc6 4. Bc4 Be7 5. d3 d6 6. Nd5 
O-O 7. Nxe7+ Qxe7 8. Bg5 Bg4 9. B@h4 N@d7 10. Bb5 Bxf3 11. Qxf3 Nd4 
12. Bxd7 Nxf3+ 13. gxf3 N@g2+ 14. Kd1 Nxh4 15. Bxh4 Nxe4 16. dxe4 Qxh4 17. B@g3 
Qf6 18. N@d5 Qxf3+ 19. N@e2 Qxe2# 
{liveZ resigns} 0-1

[Event "fics rated crazyhouse match"]
[Site "fics, Oklahoma City, OK USA"]
[Date "2000.11.21"]
[White "Gobi"]
[WhiteElo "2300"]
[Black "liveZ"]
[BlackElo "2304"]
[TimeControl "120+0"]
[Result "0-1"]

1. e4 d5 2. exd5 e6 3. dxe6 Bxe6 4. d4 Nc6 5. P@e3 Nf6 6. Nc3 
Bb4 7. Bd2 Bxc3 8. Bxc3 Bd5 9. Nf3 Ne4 10. B@c4 P@e6 11. Bxd5 exd5 
12. B@f5 O-O 13. Bd3 B@g6 14. Bxg6 hxg6 15. B@h4 g5 16. Bxe4 gxh4 17. Bxd5 
Qxd5 18. P@h6 B@f6 19. N@f4 Qf5 20. hxg7 Rfe8 21. P@e5 Bxg7 22. Nxh4 Qg5 
23. Nf3 Qf5 24. P@f6 Bh6 25. Nd5 B@e4 26. Nxc7 Bxf3 27. gxf3 N@g2+ 28. Ke2 
P@g4 29. fxg4 B@f3+ 30. Kd2 N@c4+ 31. Kc1 Bxe3+ 32. fxe3 Qxg4 
{Gobi forfeits on time} 0-1